 Dungeon Crawl Stone Soup version 0.29-a0-338-g1ff7896281 (webtiles) character file.

Game seed: 14633080863991375982

4 spaghetti the Digger (level 1, 4/13 HPs)
             Began as a Demonspawn Earth Elementalist on Apr 18, 2022.
             Quit the game on level 1 of the Dungeon.
             The game lasted 00:00:41 (89 turns).

spaghetti the Digger (Demonspawn Earth Elementalist)  Turns: 89, Time: 00:00:41

Health: 4/13       AC:  2    Str:  8    XL:     1   Next: 58%
Magic:  0/3        EV: 12    Int: 16    God:
Gold:   28         SH:  0    Dex: 13    Spells: 3/4 levels left

rFire   . . .      SeeInvis .   (no weapon)
rCold   . . .      Faith    .   (no shield)
rNeg    . . .      Spirit   .   b - +0 robe
rPois   .          Reflect  .   (no helmet)
rElec   .          Harm     .   (no cloak)
rCorr   .          Rampage  .   (no gloves)
Will    .....                   (no boots)
Stlth   ++........              (no amulet)
HPRegen 0.04/turn               (no ring)
MPRegen 0.08/turn               (no ring)

@: flying
A: no striking features
a: no special abilities


You were on level 1 of the Dungeon.
You visited 1 branch of the dungeon, and saw 1 of its levels.

You collected 28 gold pieces.


   Skills:
 - Level 1.7 Dodging
 - Level 1.7 Stealth
 - Level 2.0 Spellcasting
 + Level 1.1 Transmutations
 * Level 2.9 Earth Magic


You had 3 spell levels left.
You knew the following spells:

 Your Spells              Type           Power      Damage    Failure   Level
a - Sandblast             Erth           22%        2d7       6%          1

Your spell library contained the following spells:

 Spells                   Type           Power      Damage    Failure   Level
 Passwall                 Tmut/Erth      6%         N/A       14%         2
 Stone Arrow              Conj/Erth      12%        3d7       34%         3
 Petrify                  Tmut/Erth      8%         N/A       65%         4

Inventory:

Missiles
 a - 44 stones {throwing}
 d - 2 throwing nets {=f!fthrowing}
Armour
 b - a +0 robe (worn)

Dungeon Overview and Level Annotations

Branches:
Dungeon (1/15)

Altars:

.........#### .. ..
..##.......## ###..
..##..##....### .#...h
..............# .....#
##............####...K..
...###.......g........h.
..## #..........KJ......
.. ####......#h#.#... ..
........g@# .. ..
.....#...#gg...# ..
...#[..........## ..
.............###
.....####..# .... ...#
.. .#.. # .#


You could see an endoplasm, a jackal, a hobgoblin, 2 goblins and a kobold.


Message History

The jackal barks!
You hear a shout!
The jackal attacks as you move away! The jackal bites you.
The jackal barely misses you. 😕 HP[-2]
You take 2 damage, and now have 11/13 hp.
A hobgoblin and a goblin come into view.
The hobgoblin moves out of view. 😕 MP[+1]
The jackal bites you but does no damage.
The jackal attacks as you move away! The jackal barely misses you.
The jackal bites you. 😕 HP[-1]
You take 1 damage, and now have 10/13 hp.
Casting: Sandblast (safe; 6% risk of failure)
Confirm with . or Enter, or press ? or * to list all spells.
Aiming: Sandblast (safe; 6% risk of failure)
Press: ? - help, Shift-Dir - straight line, f - jackal
Aim: a jackal (74% to hit)
The blast of sand hits the jackal but does no damage.
The hobgoblin shouts!
The jackal barely misses you. 😕 MP[-1]
You lost 1 mp, and now have 0/3 mp.
The jackal attacks as you move away! The jackal closely misses you.
The jackal barely misses you. 😕 HP[+1]
The jackal attacks as you move away! The jackal barely misses you.
The jackal completely misses you. The jackal attacks as you move away!
The jackal barely misses you. The jackal closely misses you.
A kobold comes into view. It is wielding a +0 whip. 😕 MP[+1]
Casting: Sandblast (safe; 6% risk of failure)
Confirm with . or Enter, or press ? or * to list all spells.
Aiming: Sandblast (safe; 6% risk of failure)
Press: ? - help, Shift-Dir - straight line, f/p - jackal
Aim: a jackal (74% to hit)
The blast of sand misses the jackal.
The blast of sand misses the goblin.
The jackal bites you.
The jackal completely misses you. 😮 HP[-2] MP[-1]
You take 2 damage, and now have 9/13 hp.
You lost 1 mp, and now have 0/3 mp.
The kobold shouts!
You hear a shout!
You hear a bark!
A jackal comes into view.
A kobold comes into view. It is wielding a +0 short sword.
The jackal attacks as you move away! The jackal barely misses you.
A jackal and an endoplasm come into view.
A goblin comes into view. It is wielding a +0 dagger.
The jackal bites you but does no damage.
The goblin moves out of view.
Casting: Sandblast (safe; 6% risk of failure)
Confirm with . or Enter, or press ? or * to list all spells.
You don't have enough magic to cast this spell.
Magic courses through your body. The jackal barely misses you. 😮 MP[+3]
Your mp is fully restored (3).
Casting: Sandblast (safe; 6% risk of failure)
Confirm with . or Enter, or press ? or * to list all spells.
Aiming: Sandblast (safe; 6% risk of failure)
Press: ? - help, Shift-Dir - straight line, f/p - jackal
Aim: a jackal (74% to hit)
The blast of sand misses the jackal.
The blast of sand hits the kobold.
You kill the kobold!
The jackal bites you. The jackal misses you. 😮 HP[-1] MP[-1]
You take 1 damage, and now have 8/13 hp.
You lost 1 mp, and now have 2/3 mp.
Casting: Sandblast (safe; 6% risk of failure)
Confirm with . or Enter, or press ? or * to list all spells.
Aiming: Sandblast (safe; 6% risk of failure)
Press: ? - help, Shift-Dir - straight line, f/p - jackal
Aim: a jackal (74% to hit)
The blast of sand misses the jackal.
The blast of sand hits the hobgoblin!
You kill the hobgoblin!
The jackal bites you but does no damage.
The goblin barely misses you. 😮 MP[-1]
You lost 1 mp, and now have 1/3 mp.
Casting: Sandblast (safe; 6% risk of failure)
Confirm with . or Enter, or press ? or * to list all spells.
Aiming: Sandblast (safe; 6% risk of failure)
Press: ? - help, Shift-Dir - straight line, f/p - jackal
Aim: a jackal (74% to hit)
The blast of sand hits the jackal but does no damage.
The jackal barely misses you. The goblin hits you but does no damage.
The goblin hits you with a +0 club.
* * * LOW HITPOINT WARNING * * *
😨 HP[-4] MP[-1]
You take 4 damage, and now have 4/13 hp.
MASSIVE DAMAGE!! (PAUSE)
You lost 1 mp, and now have 0/3 mp.
It was a potion of flight.
You feel very buoyant.
You fly up into the air.
The jackal bites you but does no damage.
The jackal barely misses you. The hobgoblin barely misses you.
The goblin barely misses you. The goblin misses you.
You aren't carrying any scrolls.
Unknown command.
Are you sure you want to abandon this character and quit the game? (Confirm with "yes".)

Skill      XL: |  1 |
---------------+----+-----
Transmutations | 1 |  1.1
Dodging        | |  1.7
Stealth        | |  1.7
Spellcasting   | |  2.0
Earth Magic    | |  2.9

Action                   || total
-------------------------++-------
 Cast: Sandblast         ||     8
  Use: Potion            ||     2
Armor: Robe              ||     5
Dodge: Dodged            ||    19

Levels and vault maps discovered:
D:1:      dpeg_arrival_long_road, layout_rooms,
          amcnicky_mini_rare_corridor_liquid, minmay_strange_pillars

Notes
Turn   | Place    | Note
-------+----------+-------------------------------------------
     0 | D:1      | spaghetti the Demonspawn Earth Elementalist began the quest
                  | for the Orb.
     0 | D:1      | Reached XP level 1. HP: 13/13 MP: 3/3
     0 | D:1      | magus.rc [v1.9.6]
    58 | D:1      | Reached skill level 1 in Transmutations
    89 | D:1      | Quit the game

Vanquished Creatures
  An endoplasm (D:1)
  A hobgoblin (D:1)
  A jackal (D:1)
  A kobold (D:1)
4 creatures vanquished.

Table legend:
 A = Non-vault XP
 B = Vault XP
 C = Vault XP percentage of total XP
 D = Non-vault monster count
 E = Vault monster count
 F = Vault count percentage of total count
                 A         B        C        D         E       F
            +---------+---------+-------+---------+---------+-------
      Total |       7 |       0 |   0.0 |       4 |       0 |   0.0
            +---------+---------+-------+---------+---------+-------
        D:1 |       7 |       0 |   0.0 |       4 |       0 |   0.0
            +---------+---------+-------+---------+---------+-------

Illustrated notes

Table legend:
 A = Kills in this place as a percentage of kills in entire the game.
 B = Kills by you in this place as a percentage of kills by you in the entire game.
 C = Kills by friends in this place as a percentage of kills by friends in the entire game.
 D = Other kills in this place as a percentage of other kills in the entire game.
 E = Experience gained in this place as a percentage of experience gained in the entire game.
 F = Experience gained in this place divided by the number of levels of this place that you have seen.
                   A       B       C       D       E      F
               +-------+-------+-------+-------+-------+----------------------
         Total | 100.0 | 100.0 |   N/A |   N/A | 100.0 |   7.0
       Dungeon | 100.0 | 100.0 |   N/A |   N/A | 100.0 |   7.0
               +-------+-------+-------+-------+-------+----------------------

Table legend: (Time is in decaauts)
 A = Elapsed time spent in this place.
 B = Non-inter-level travel time spent in this place.
 C = Inter-level travel time spent in this place.
 D = Time resting spent in this place.
 E = Time spent auto-exploring this place.
 F = Levels seen in this place.
 G = Mean time per level.
                   A        B        C        D        E       F      G
               +--------+--------+--------+--------+--------+-----+--------+
         Total |     89 |     89 |      0 |      2 |     49 |   1 |   89.0 |
       Dungeon |     89 |     89 |      0 |      2 |     49 |   1 |   89.0 |
               +--------+--------+--------+--------+--------+-----+--------+

Top non-repeatable levels by time:
     D:1: 89 daAuts
